 Dungeon Crawl Stone Soup version 0.28.0-53-g5a82cb258f (webtiles) character file.

Game seed: 15963485901954227350

1390 jiml777 the Gusty (level 8, -5/58 HPs)
             Began as a Gnoll Air Elementalist on July 27, 2022.
             Was an Initiate of Ashenzari.
             Slain by a gnoll sergeant
             ... wielding a +0 spear of pain
              (14 damage)
             ... on level 5 of the Dungeon.
             The game lasted 00:34:37 (6092 turns).

jiml777 the Gusty (Gnoll Air Elementalist)          Turns: 6092, Time: 00:34:37

Health: -5/58      AC:  3    Str:  8    XL:     8   Next: 68%
Magic:  23/26      EV: 14    Int: 16    God:    Ashenzari [......]
Gold:   116        SH:  0    Dex: 13    Spells: 7/19 levels left

rFire   + . .      SeeInvis .   d - +2 dagger
rCold   + . .      Faith    .   (no shield)
rNeg    . . .      Spirit   .   a - +0 robe
rPois   .          Reflect  .   (no helmet)
rElec   .          Harm     .   w - scarf {rC+ rF+}
rCorr   .          Rampage  .   j - +0 pair of gloves
Will    .....                   (no boots)
Stlth   +++.......              q - amulet of regeneration
HPRegen 0.99/turn               m - ring of magical power
MPRegen 0.20/turn               (no ring)

@: no status effects
A: fangs 1, strong nose, distributed training
a: Renounce Religion


You were on level 5 of the Dungeon.
You worshipped Ashenzari.
Ashenzari was noncommittal.
You visited 2 branches of the dungeon, and saw 6 of its levels.
You also visited: Sewer.

You collected 116 gold pieces.

Inventory:

Hand Weapons
 c - a +0 spear
 d - a +2 dagger (weapon)
 t - the +6 mace "Zekoallu" {pain, *Rage rElec rCorr Str+6}
   (You found it on level 3 of the Dungeon)

   In the hands of one skilled in necromantic magic, it inflicts extra damage on
   living creatures.
   Str:       It affects your strength (+6).
   rElec:     It insulates you from electricity.
   *Rage:     It berserks you when you make melee attacks (+20% chance).
   rCorr:     It protects you from acid and corrosion.
Missiles
 i - 65 bolts
 k - 52 arrows
 o - 87 stones
 p - 70 sling bullets
Armour
 a - a +0 robe (worn)
 j - a +0 pair of gloves (worn)
 u - a +0 cloak
 w - a scarf of resistance (worn)
Magical Staves
 e - a staff of conjuration
Jewellery
 m - a ring of magical power (left hand)
 n - an amulet of the acrobat
 q - an amulet of regeneration (around neck)
Wands
 v - a wand of paralysis (7)
Scrolls
 r - a scroll of summoning
 s - a scroll of identify
 A - a scroll of fog
Potions
 b - 3 potions of invisibility
 f - a potion of flight
 g - a potion of ambrosia {unknown}
 h - a potion of resistance {unknown}
 l - a potion of berserk rage {unknown}
 x - 2 potions of brilliance
 z - a potion of mutation {unknown}
 B - a potion of magic {unknown}


   Skills:
 + Level 3.4 Fighting
 + Level 3.4 Short Blades
 + Level 3.4 Long Blades
 + Level 3.4 Axes
 + Level 3.4 Maces & Flails
 + Level 3.4 Polearms
 + Level 3.4 Staves
 + Level 3.4 Slings
 + Level 3.4 Bows
 + Level 3.4 Crossbows
 + Level 3.4 Throwing
 + Level 3.4 Armour
 + Level 5.8 Dodging
 + Level 5.5 Stealth
 + Level 3.4 Shields
 + Level 3.4 Unarmed Combat
 + Level 6.1 Spellcasting
 + Level 3.6 Conjurations
 + Level 2.8 Hexes
 + Level 2.8 Summonings
 + Level 2.8 Necromancy
 + Level 2.8 Translocations
 + Level 2.8 Transmutations
 + Level 2.8 Fire Magic
 + Level 2.8 Ice Magic
 + Level 6.2 Air Magic
 + Level 2.8 Earth Magic
 + Level 2.8 Poison Magic
 + Level 3.8 Invocations
 + Level 3.4 Evocations


You had 7 spell levels left.
You knew the following spells:

 Your Spells              Type           Power      Damage    Failure   Level
a - Shock                 Conj/Air       80%        1d8       1%          1
b - Static Discharge      Conj/Air       20%        N/A       2%          2
c - Swiftness             Air            24%        N/A       3%          3
d - Airstrike             Air            12%        N/A       11%         4
e - Blink                 Tloc           28%        N/A       6%          2

Your spell library contained the following spells:

 Spells                   Type           Power      Damage    Failure   Level
 Lesser Beckoning         Tloc           14%        N/A       13%         3
 Manifold Assault         Tloc           14%        N/A       75%         5


Dungeon Overview and Level Annotations

Branches:
Dungeon (5/15)             Temple (1/1) D:4           Sewer (visited)

Altars:
Ashenzari
Cheibriados
Elyvilon
Hepliaklqana
Kikubaaqudgha
Makhleb
Nemelex Xobeh
Okawaru
Qazlal
Ru
Sif Muna
Trog
Uskayaw
Wu Jian
Xom
Zin
The Shining One


Innate Abilities, Weirdness & Mutations

You have very sharp teeth.
Your uncanny sense of smell can sniff out nearby items.
Your experience applies equally to all skills.


Message History

You writhe in agony.
Casting: Shock (safe; 1% risk of failure)
Confirm with . or Enter, or press ? or * to list all spells.
Aiming: Shock (safe; 1% risk of failure)
Press: ? - help, Shift-Dir - straight line The zap misses the gnoll sergeant.
The zap hits the gnoll sergeant.
The gnoll sergeant is heavily wounded.
The gnoll sergeant hits you with a +0 spear of pain.
* * * LOW HITPOINT WARNING * * *
Unknown command.
Casting: Shock (safe; 1% risk of failure)
Confirm with . or Enter, or press ? or * to list all spells.
Aiming: Shock (safe; 1% risk of failure)
Press: ? - help, Shift-Dir - straight line The zap hits the gnoll sergeant.
The gnoll sergeant is heavily wounded.
The zap hits the gnoll sergeant but does no damage.
The gnoll sergeant is heavily wounded.
The gnoll sergeant barely misses you.
Casting: Shock (safe; 1% risk of failure)
Confirm with . or Enter, or press ? or * to list all spells.
Aiming: Shock (safe; 1% risk of failure)
Press: ? - help, Shift-Dir - straight line The zap hits the gnoll sergeant.
The gnoll sergeant is severely wounded.
The zap hits the gnoll sergeant.
The gnoll sergeant is severely wounded.
The gnoll sergeant hits you with a +0 spear of pain!
* * * LOW HITPOINT WARNING * * *
Casting: Shock (safe; 1% risk of failure)
Confirm with . or Enter, or press ? or * to list all spells.
Aiming: Shock (safe; 1% risk of failure)
Press: ? - help, Shift-Dir - straight line The zap misses the gnoll sergeant.
The zap hits the gnoll sergeant but does no damage.
The gnoll sergeant is severely wounded.
The gnoll sergeant hits you with a +0 spear of pain.
* * * LOW HITPOINT WARNING * * *
The gnoll sergeant hits you from afar with a +0 spear of pain!
You die...

#.#.###.###..##........
#.......)##...'......#)
###)####.##..##......#. #.#
#..#...+......'. #########.#
##.#..##......##
....g.....#####............##
...g.......#.g)...####......#
...........#.###..# #.#....#
...........#@# ##.## #.#....'
...........#.# #..# #.#....#
...........#.#####.###.#.....
...........#....##..##.+.....
...........####.###.##.#....≈
...........# #.....##......#
#.###..#.#.##†#
.#####..#.#.##.#
...........#.....


You could see a gnoll sergeant.

Vanquished Creatures
  The ghost of jiml777 the Gusty, an amateur GnAE (D:4)
  Sigmund (D:2)
  Menkaure (D:5)
  An ice beast (D:5)
  2 ogres
  A wyvern skeleton (D:4)
  A centaur zombie (D:5)
  2 bullfrog zombies (D:4)
  A centaur skeleton (D:4)
  An iguana (D:5)
  An orc wizard (D:4)
  A hound skeleton (D:4)
  6 gnolls
  15 adders
  2 river rats (Sewer)
  4 worms
  5 dart slugs
  4 orcs
  14 endoplasms
  4 giant cockroaches
  10 goblins
  9 hobgoblins
  4 jackals (D:3)
  6 quokkas
  12 ball pythons
  5 bats
  6 frilled lizards
  4 kobolds
  15 rats
139 creatures vanquished.

Vanquished Creatures (collateral kills)
  A black bear (D:4)
1 creature vanquished.

Vanquished Creatures (others)
  A plant (D:1)
1 creature vanquished.

Grand Total: 141 creatures vanquished

Notes
Turn   | Place    | Note
-------+----------+-------------------------------------------
     0 | D:1      | jiml777 the Gnoll Air Elementalist began the quest for the
                  | Orb.
     0 | D:1      | Reached XP level 1. HP: 13/13 MP: 6/6
   201 | D:1      | Reached XP level 2. HP: 19/19 MP: 5/7
   919 | D:1      | Reached XP level 3. HP: 23/25 MP: 7/9
   920 | D:1      | Reached skill level 5 in Spellcasting
  1297 | D:2      | Noticed Sigmund
  1316 | D:2      | Found a snail-covered altar of Cheibriados.
  1323 | D:2      | Killed Sigmund
  1324 | D:2      | Reached skill level 1 in Fighting
  1324 | D:2      | Reached skill level 1 in Short Blades
  1324 | D:2      | Reached skill level 1 in Long Blades
  1324 | D:2      | Reached skill level 1 in Axes
  1324 | D:2      | Reached skill level 1 in Maces & Flails
  1324 | D:2      | Reached skill level 1 in Polearms
  1324 | D:2      | Reached skill level 1 in Staves
  1324 | D:2      | Reached skill level 1 in Slings
  1324 | D:2      | Reached skill level 1 in Bows
  1324 | D:2      | Reached skill level 1 in Crossbows
  1324 | D:2      | Reached skill level 1 in Throwing
  1324 | D:2      | Reached skill level 1 in Armour
  1324 | D:2      | Reached skill level 1 in Shields
  1324 | D:2      | Reached skill level 1 in Unarmed Combat
  1324 | D:2      | Reached skill level 1 in Hexes
  1324 | D:2      | Reached skill level 1 in Summonings
  1324 | D:2      | Reached skill level 1 in Necromancy
  1324 | D:2      | Reached skill level 1 in Translocations
  1324 | D:2      | Reached skill level 1 in Transmutations
  1324 | D:2      | Reached skill level 1 in Fire Magic
  1324 | D:2      | Reached skill level 1 in Ice Magic
  1324 | D:2      | Reached skill level 1 in Earth Magic
  1324 | D:2      | Reached skill level 1 in Poison Magic
  1324 | D:2      | Reached skill level 1 in Invocations
  1324 | D:2      | Reached skill level 1 in Evocations
  1324 | D:2      | Reached XP level 4. HP: 16/32 MP: 7/11
  1324 | D:2      | Reached XP level 5. HP: 18/37 MP: 7/12
  2378 | D:2      | Reached XP level 6. HP: 44/44 MP: 13/13
  2386 | D:2      | Found a faded altar of an unknown god.
  2524 | D:3      | Learned a level 2 spell: Static Discharge
  2528 | D:3      | Learned a level 3 spell: Swiftness
  2533 | D:3      | Learned a level 4 spell: Airstrike
  2822 | D:3      | Found a shimmering blue altar of Sif Muna.
  3027 | D:3      | Found a glowing drain.
  3032 | Sewer    | Entered a sewer
  3206 | Sewer    | Reached skill level 5 in Dodging
  3923 | D:3      | Identified the +6 mace "Zekoallu" {pain, *Rage rElec rCorr
                  | Str+6}
  4384 | D:4      | Found a runed translucent gate.
  4384 | D:4      | Found a runed translucent gate.
  4384 | D:4      | Found a runed translucent gate.
  4385 | D:4      | Noticed jiml777's ghost (amateur GnAE)
  4403 | D:4      | Reached XP level 7. HP: 38/50 MP: 15/15
  5053 | D:4      | Found a staircase to the Ecumenical Temple.
  5072 | Temple   | Entered the Ecumenical Temple
  5241 | Temple   | Became a worshipper of Ashenzari the Shackled
  5478 | D:4      | Reached skill level 5 in Stealth
  5486 | D:4      | Killed jiml777's ghost
  5487 | D:4      | Reached XP level 8. HP: 14/58 MP: 13/16
  5543 | D:4      | Learned a level 2 spell: Blink
  5574 | D:5      | Entered Level 5 of the Dungeon
  5574 | D:5      | Noticed Menkaure
  5628 | D:5      | HP: 1/58 [Menkaure (22)]
  5632 | D:5      | Killed Menkaure
  6092 | D:5      | Slain by a gnoll sergeant

Illustrated notes

Levels and vault maps discovered:
D:1:      kennysheep_arrival_seaside, layout_rooms
D:2:      layout_rooms, basic_altar, shapermc_ecumenical_altar_hornbeckon,
          uniq_sigmund
D:3:      layout_basic, mainiacjoe_overflow_small_starburst,
          gup_sewer_entry_spiral
D:4:      layout_loops_ring, minmay_temple_entry_statues_fountains,
          gammafunk_ghost_necromancy, minivault_4, kennysheep_dice
D:5:      layout_basic, serial_rivers, chequers_serial_rivers_micro_e,
          chequers_serial_rivers_room_a, chequers_serial_rivers_micro_c,
          chequers_serial_rivers_small_b, chequers_serial_rivers_micro_c,
          chequers_serial_rivers_micro_d, guppyfry_shop_venom, uniq_menkaure,
          uniq_duvessa, uniq_eustachio
Temple:   regret_index_temple_sphere_string

Skill      XL: |  1  2  3  4  5  6  7  8 |
---------------+-------------------------+-----
Conjurations   | 2 3 |  3.6
Spellcasting   | 5 6 |  6.1
Fighting       | 1 2 3 |  3.4
Short Blades   | 1 2 3 |  3.4
Long Blades    | 1 2 3 |  3.4
Axes           | 1 2 3 |  3.4
Maces & Flails | 1 2 3 |  3.4
Polearms       | 1 2 3 |  3.4
Staves         | 1 2 3 |  3.4
Slings         | 1 2 3 |  3.4
Bows           | 1 2 3 |  3.4
Crossbows      | 1 2 3 |  3.4
Throwing       | 1 2 3 |  3.4
Armour         | 1 2 3 |  3.4
Shields        | 1 2 3 |  3.4
Unarmed Combat | 1 2 3 |  3.4
Hexes          | 1 2 |  2.8
Summonings     | 1 2 |  2.8
Necromancy     | 1 2 |  2.8
Translocations | 1 2 |  2.8
Transmutations | 1 2 |  2.8
Fire Magic     | 1 2 |  2.8
Ice Magic      | 1 2 |  2.8
Earth Magic    | 1 2 |  2.8
Poison Magic   | 1 2 |  2.8
Invocations    | 1 2 3 |  3.8
Evocations     | 1 2 3 |  3.4
Dodging        | 5 |  5.8
Stealth        | 5 |  5.5
Air Magic      | 6 |  6.2

Action                   |  1- 3 |  4- 6 |  7- 9 || total
-------------------------+-------+-------+-------++-------
Melee: Unarmed           |     6 |       |       ||     6
       Spear             |     4 |       |       ||     4
       Bite              |     5 |    70 |    16 ||    91
       Dagger            |    32 |   573 |   102 ||   707
       Punch             |     2 |     9 |     6 ||    17
 Cast: Shock             |    30 |    27 |    62 ||   119
  Use: Scroll            |       |     9 |     6 ||    15
       Potion            |       |     4 |     2 ||     6
 Stab: Sleeping          |     7 |     6 |     1 ||    14
Armor: Robe              |    11 |   126 |    32 ||   169
Dodge: Dodged            |    36 |   384 |   122 ||   542
